 Dungeon Crawl Stone Soup version 0.25.1-2-g60ff931df9 (webtiles) character file.

Game seed: 11826220097340194035

105 DogServant the Ruffian (level 4, -3/38 HPs)
             Began as a Naga Transmuter on Oct 19, 2020.
             Was an Initiate of Cheibriados.
             Killed by divine providence
             ... invoked by an orc priest
              (13 damage)
             ... on level 3 of the Dungeon.
             The game lasted 00:03:56 (2837 turns).

DogServant the Ruffian (Naga Transmuter)            Turns: 2837, Time: 00:03:57

Health: -3/38      AC:  2    Str: 15    XL:     4   Next: 83%
Magic:  7/7        EV: 10    Int: 14    God:    Cheibriados [......]
Gold:   61         SH:  0    Dex: 12    Spells: 6/7 levels left

rFire    . . .     SeeInvis +     - Unarmed
rCold    . . .     Gourm    .   (no shield)
rNeg     . . .     Faith    .   b - +0 robe
rPois    +         Spirit   .   (no helmet)
rElec    .         Reflect  .   (no cloak)
rCorr    .         Harm     .   (no gloves)
MR       .....                  (no barding)
Stlth    +.........             (no amulet)
HPRegen  0.12/turn              (no ring)
MPRegen  0.10/turn              (no ring)

@: appendage, very slow
A: large, horns 2, see invisible, deformed body, poison resistance, slowness 2,
slow metabolism 1, spit poison 1, AC +1
a: Spit Poison, End Transformation, Bend Time, Renounce Religion


You were on level 3 of the Dungeon.
You worshipped Cheibriados.
Cheibriados was noncommittal.
You were not hungry.
You had grown temporary horns.
You visited 1 branch of the dungeon, and saw 3 of its levels.

You collected 61 gold pieces.

Inventory:

Missiles
 a - 40 arrows
Armour
 b - a +0 robe (worn)
Jewellery
 h - an uncursed amulet of faith {unknown}
 k - an uncursed ring of flight {unknown}
Scrolls
 c - 2 scrolls of amnesia {unknown}
 f - 3 scrolls of immolation {unknown}
 g - a scroll of magic mapping {unknown}
 i - a scroll of fog {unknown}
 j - 4 scrolls of remove curse {unknown}
 l - a scroll of blinking {unknown}
 m - a scroll of noise {unknown}
 p - a scroll of identify {unknown}
 s - 2 scrolls of teleportation {unknown}
Potions
 e - a potion of might {unknown}
 n - a potion of stabbing {unknown}
 o - a potion of curing {unknown}
 q - a potion of magic {unknown}
Comestibles
 d - 12 rations


   Skills:
 - Level 1.0 Fighting
 - Level 1.5 Dodging
 + Level 4.3 Unarmed Combat
 - Level 2.0 Spellcasting
 + Level 3.6 Transmutations


You had 6 spell levels left.
You knew the following spells:

 Your Spells              Type           Power        Failure   Level  Hunger
a - Beastly Appendage     Tmut           ##....       5%          1    ##.....

Your spell library contained the following spells:

 Spells                   Type           Power        Failure   Level  Hunger
 Sticks to Snakes         Tmut           ##......     8%          2    ###....
 Spider Form              Tmut/Pois      #.........   32%         3    ####...
 Ice Form                 Ice/Tmut       #.......     73%         4    #####..
 Blade Hands              Tmut           ##........   82%         5    ######.


Dungeon Overview and Level Annotations

Branches:
Dungeon (3/15)

Altars:
Cheibriados


Innate Abilities, Weirdness & Mutations

You cannot wear boots.
Your serpentine skin is tough. (AC +1)
You have supernaturally acute eyesight. (SInv)
Armour fits poorly on your strangely shaped body.
Your system is resistant to poisons. (rPois)
You cover ground very slowly.
You have a slow metabolism.
You can spit poison.
You have a pair of horns on your head.


Message History

The orc is severely wounded.
The orc hits you but does no damage.
You closely miss the orc.
The orc is severely wounded.
The orc closely misses you.
The orc priest mumbles some strange prayers to Beogh against you.
Beogh smites you!
* * * LOW HITPOINT WARNING * * *
Press: ? - help, Shift-Dir - straight line, f - orc
Aim: an orc, wielding a +0 club (severely wounded)
The splash of poison hits the orc.
You kill the orc!
Cheibriados thoroughly appreciates the change of pace.
You feel slightly more hungry. The orc priest closely misses you.
All of the chunks of flesh in your inventory have rotted away.
You have got your breath back.
The orc priest mumbles some strange prayers to Beogh against you.
Beogh smites you!
You die...

###########
######.........#
#...##'#######.##
####................
#>.@................
#o##.........#....#.
#)############....#.
#.# ####.#. #.#
#####.#. >).
......#. ...
<....... ...
######## ..... #...


You could see an orc priest.

Vanquished Creatures
  2 adders
  A worm (D:3)
  5 dart slugs
  A leopard gecko (D:2)
  9 orcs (D:3)
  3 ball pythons
  3 giant cockroaches
  8 goblins
  2 hobgoblins
  3 jackals (D:1)
  8 bats
  5 frilled lizards (D:1)
  6 kobolds
  9 rats
65 creatures vanquished.

Notes
Turn   | Place    | Note
-------+----------+-------------------------------------------
     0 | D:1      | DogServant the Naga Transmuter began the quest for the Orb.
     0 | D:1      | Reached XP level 1. HP: 18/18 MP: 3/3
   228 | D:1      | Reached XP level 2. HP: 25/25 MP: 5/5
   586 | D:1      | Reached XP level 3. HP: 31/31 MP: 6/6
  1187 | D:2      | Reached skill level 4 in Unarmed Combat
  1187 | D:2      | Reached XP level 4. HP: 30/38 MP: 7/7
  2534 | D:3      | Found a snail-covered altar of Cheibriados.
  2554 | D:3      | Became a worshipper of Cheibriados the Contemplative
  2837 | D:3      | Killed from afar by an orc priest

Illustrated notes

Levels and vault maps discovered:
D:1:      eino_arrival_cavern_c, layout_rooms, minmay_pentomino_x4
D:2:      layout_basic
D:3:      layout_basic, kennysheep_slug_shrine

Skill      XL: |  1  2  3 |
---------------+----------+-----
Transmutations | 3 |  3.6
Unarmed Combat | 4 |  4.3
Fighting       | |  1.0
Dodging        | |  1.5
Spellcasting   | |  2.0

Action                   |  1- 3 |  4- 6 || total
-------------------------+-------+-------++-------
Melee: Unarmed           |    82 |    85 ||   167
       Headbutt          |     7 |     7 ||    14
       Punch             |       |     1 ||     1
 Cast: Beastly Appendage |     8 |     7 ||    15
 Abil: Spit Poison       |    16 |     7 ||    23
  Eat: Chunk             |     1 |     5 ||     6
Armor: Robe              |    32 |    16 ||    48
Dodge: Dodged            |    70 |    47 ||   117
